 Dungeon Crawl Stone Soup version 0.25-a0-464-g3004169c2b (webtiles) character file.

Game seed: 14616878584025944579, levelgen mode: deterministic

1523 Esekla the Thaumaturge (level 8, 0/41 HPs)
             Began as a Deep Elf Wizard on Feb 6, 2020.
             Was an Initiate of Gozag.
             Shot with a sling bullet by Joseph (18 damage)
             ... on level 7 of the Dungeon.
             The game lasted 01:06:01 (7339 turns).

Esekla the Thaumaturge (Deep Elf Wizard)            Turns: 7339, Time: 01:06:05

Health: 0/41       AC:  4    Str:  6    XL:     8   Next: 54%
Magic:  15/23      EV: 14    Int: 24    God:    Gozag
Gold:   169        SH:  0    Dex: 13    Spells: 15/26 levels left

rFire    . . .     SeeInvis +   D - +1 short sword (venom)
rCold    . . .     Gourm    .   (no shield)
rNeg     . . .     Faith    .   a - +0 robe
rPois    .         Spirit   .   f - +0 helmet
rElec    .         Reflect  .   r - +0 cloak
rCorr    .         Harm     .   (no gloves)
MR       .....                  (no boots)
Stlth    ++........             (no amulet)
HPRegen  0.13/turn              w - ring of see invisible
MPRegen  0.18/turn              (no ring)

@: gold aura
A: no striking features
a: Potion Petition, Call Merchant, Bribe Branch, Renounce Religion


You were on level 7 of the Dungeon.
You worshipped Gozag.
Gozag was aware of your devotion.
You were near starving.

You visited 2 branches of the dungeon, and saw 8 of its levels.

You collected 349 gold pieces.
You spent 70 gold pieces at shops.
You paid 110 gold pieces to Gozag.

Inventory:

Hand Weapons
 p - a +0 spear of pain
 q - a +1 vampiric dagger
 y - a +0 spear of venom
 D - a +1 short sword of venom (weapon)
 F - a +1 spear of flaming
Missiles
 c - 5 atropa-tipped darts
 n - 3 javelins
 u - 5 poisoned darts (quivered)
 C - 5 boomerangs
 J - 7 curare-tipped darts
Armour
 a - a +0 robe (worn)
 f - a +0 helmet (worn)
 r - a +0 cloak (worn)
 t - a +0 buckler
Jewellery
 w - a ring of see invisible (left hand)
 B - an uncursed ring of fire
Wands
 x - a wand of random effects (14)
Scrolls
 h - 2 scrolls of blinking {unknown}
 i - 5 scrolls of remove curse
 j - a scroll of immolation {unknown}
 k - 3 scrolls of fear {unknown}
 o - 5 scrolls of teleportation
 s - 2 scrolls of amnesia {unknown}
 v - 2 scrolls of fog {unknown}
 z - 2 scrolls of noise {unknown}
 A - a scroll of enchant weapon {unknown}
 E - a scroll of magic mapping {unknown}
 L - a scroll of identify
Potions
 e - 3 potions of curing
 g - a potion of might
 l - a potion of cancellation
 m - 4 potions of haste
 G - 4 potions of flight {unknown}
 H - a potion of lignification {unknown}
 K - a potion of brilliance {unknown}
Comestibles
 d - 7 rations


   Skills:
 + Level 2.4 Short Blades
 + Level 1.1 Throwing
 + Level 4.0 Dodging
 - Level 3.5 Stealth
 * Level 9.7 Spellcasting
 * Level 4.5 Conjurations
   Level 1.1 Summonings
 + Level 3.1 Translocations
 * Level 2.8 Fire Magic
 * Level 2.7 Air Magic
 * Level 2.2 Poison Magic


You had 15 spell levels left.
You knew the following spells:

 Your Spells              Type           Power        Failure   Level  Hunger
a - Magic Dart            Conj           ####         1%          1    None
b - Blink                 Tloc           N/A          2%          2    None
c - Mephitic Cloud        Conj/Pois/Air  ####....     4%          3    None
e - Searing Ray           Conj           ####..       1%          2    None
f - Conjure Flame         Conj/Fire      ####....     3%          3    None

Your spell library contained the following spells:

 Spells                   Type           Power        Failure   Level  Hunger
 Call Imp                 Summ           ###.....     5%          2    None
 Dazzling Flash           Conj/Hex       ###...       6%          3    None
 Slow                     Hex            ##......     9%          2    None
 Iskenderun's Mystic Bla  Conj/Tloc      ####....     11%         4    #......
 Fulminant Prism          Conj/Hex       ###.......   22%         4    #......


Dungeon Overview and Level Annotations

Branches:
Dungeon (7/15)             Temple (1/1) D:5

Altars:
Ashenzari
Cheibriados
Dithmenos
Elyvilon
Gozag
Hepliaklqana
Makhleb
Okawaru
Qazlal
Trog
Uskayaw
Vehumet
Wu Jian
Xom
Yredelemnul
Zin
The Shining One

Shops:
D:5 ?   D:6 (((

Annotations:
D:6 3 runed translucent doors, Flubbersnuff's ghost, novice MiBe
D:7 Joseph


Message History

Joseph is almost dead.
Joseph completely misses you.
The gnoll hits the ball python with a +0 spear.
The ball python is killed!
The gnoll hits itself with a +0 spear.
You barely miss Joseph.
Joseph is almost dead.
Joseph seems less confused.
Joseph says, "I'm happy to see you. And I'll be happy to kill you."
Joseph hits you with a +1 quarterstaff of holy wrath!!
Ouch! That really hurt!
Casting: Mephitic Cloud (safe; 4% risk of failure)
Confirm with . or Enter, or press ? or * to list all spells.
You blink.
Joseph unwields a +1 quarterstaff of holy wrath.
It stops glowing.
Joseph wields a +5 hunting sling of flaming.
It bursts into flame!
Joseph shoots a sling bullet.
The sling bullet hits you!!
You die...
Your body crumbles into a pile of gold.

##.. .#.#.##
...#.# . #
##....# ..
#.#..... ...
#.#....## ....
#.......##.!.?.
#....@.......
#.ยง.<.##.....
#.@..## ...
#.#.## .$ #.#.#
#$#.# g$#..
#.### ..


You could see Joseph.

Vanquished Creatures
  A hungry ghost (D:5)
  4 ogres
  2 centaurs (D:5)
  A scorpion (D:6)
  2 howler monkeys
  A crimson imp (D:6)
  2 bullfrog zombies (D:6)
  A centaur zombie (D:5)
  2 hounds
  Crazy Yiuf (D:5)
  An orc wizard (D:3)
  A bullfrog skeleton (D:5)
  6 worker ants
  A hound skeleton (D:3)
  A howler monkey zombie (D:5)
  Robin (D:3)
  6 gnolls
  10 adders
  2 shadow imps (D:5)
  2 oozes
  5 worms
  A dart slug (D:3)
  2 leopard geckos
  12 orcs
  3 ball pythons
  9 giant cockroaches
  27 goblins
  9 hobgoblins
  3 jackals (D:2)
  5 quokkas
  9 bats
  13 frilled lizards
  A giant cockroach zombie (D:5)
  7 kobolds
  6 rats
160 creatures vanquished.

Notes
Turn   | Place    | Note
-------+----------+-------------------------------------------
     0 | D:1      | Esekla the Deep Elf Wizard began the quest for the Orb.
     0 | D:1      | Reached XP level 1. HP: 10/10 MP: 7/7
   147 | D:1      | Reached skill level 5 in Spellcasting
   148 | D:1      | Reached XP level 2. HP: 15/15 MP: 6/10
   155 | D:1      | Learned a level 2 spell: Blink
   557 | D:2      | Reached XP level 3. HP: 19/19 MP: 0/12
   686 | D:2      | Learned a level 3 spell: Mephitic Cloud
   690 | D:2      | Learned a level 3 spell: Conjure Flame
   943 | D:2      | Reached XP level 4. HP: 24/24 MP: 0/13
  1258 | D:2      | Reached skill level 6 in Spellcasting
  1436 | D:3      | Reached skill level 1 in Air Magic
  1583 | D:3      | Noticed an ogre
  1715 | D:3      | Reached XP level 5. HP: 28/28 MP: 1/15
  2635 | D:3      | Killed an ogre
  2635 | D:3      | Reached skill level 7 in Spellcasting
  2635 | D:3      | Reached XP level 6. HP: 32/32 MP: 11/18
  2886 | D:3      | Noticed Robin
  2907 | D:3      | Killed Robin
  3357 | D:4      | Learned a level 2 spell: Searing Ray
  3952 | D:4      | Reached skill level 1 in Short Blades
  4131 | D:5      | Entered Level 5 of the Dungeon
  4141 | D:5      | Reached skill level 1 in Fire Magic
  4141 | D:5      | Reached skill level 1 in Poison Magic
  4141 | D:5      | Reached XP level 7. HP: 25/36 MP: 18/20
  4381 | D:5      | Reached skill level 8 in Spellcasting
  4381 | D:5      | Noticed a hungry ghost
  4512 | D:5      | Found Diluacan's Magic Scroll Boutique.
  4549 | D:5      | Bought a scroll of remove curse for 42 gold pieces
  4549 | D:5      | Bought a scroll of identify for 28 gold pieces
  4704 | D:5      | Killed a hungry ghost
  4773 | D:5      | Reached XP level 8. HP: 16/41 MP: 3/22
  4826 | D:5      | Reached skill level 9 in Spellcasting
  5111 | D:5      | Found a basalt altar of Yredelemnul.
  5375 | D:5      | Reached skill level 1 in Throwing
  5455 | D:4      | Found an opulent altar of Gozag.
  5773 | D:5      | Found a glowing golden altar of the Shining One.
  5923 | D:6      | Found Seot's Weapon Shoppe.
  6001 | D:6      | Found Hexzirr's Weapon Boutique.
  6255 | D:6      | Found a runed translucent gate.
  6256 | D:6      | Found a runed translucent gate.
  6257 | D:6      | Found a runed translucent gate.
  6259 | D:6      | Noticed Flubbersnuff's ghost (novice MiBe)
  6286 | D:6      | Found Abiax's Antique Weapon Boutique.
  6598 | D:6      | Noticed a moth of wrath
  6601 | D:6      | Found a bloodstained altar of Trog.
  6845 | D:5      | Found a staircase to the Ecumenical Temple.
  6854 | Temple   | Entered the Ecumenical Temple
  6947 | Temple   | Became a worshipper of Gozag Ym Sagoz the Greedy
  7014 | D:5      | Found a runed translucent door.
  7015 | D:5      | Noticed Crazy Yiuf
  7024 | D:5      | Killed Crazy Yiuf
  7326 | D:7      | Noticed Joseph
  7339 | D:7      | Shot with a sling bullet by Joseph

Levels and vault maps discovered:
D:1:      eino_arrival_water_star, layout_basic, minmay_misc_feat_rugged,
          st_stairs_11, kennysheep_another_room
D:2:      layout_rooms, nrook_mini_backslash
D:3:      minmay_diamond_boxcup, layout_basic, minmay_ogre_servants, uniq_robin
D:4:      layout_basic, first_ration,
          nicolae_gozag_cash_rules_everything_around_me
D:5:      layout_gridville, yredelemnul_altar_generic,
          nicolae_overflow_hidden_temple, minmay_temple_entry_mini_moons,
          serial_shops, shop_statue, uniq_crazy_yiuf_cottage
D:6:      layout_basic, tgw_trog, serial_shops, nicolae_shop_behind_doors, shop,
          shop, gammafunk_ghost_necromancy
D:7:      layout_loops_ring, nicolae_ru_great_annihilating_truth,
          grunt_livestock, uniq_pikel, uniq_joseph
Temple:   nicolae_temple_great_sept

Skill      XL: |  1  2  3  4  5  6  7  8 |
---------------+-------------------------+-----
Spellcasting   | 5 6 7 8 9 |  9.7
Translocations | 2 3 |  3.1
Conjurations   | 2 3 4 |  4.5
Air Magic      | 1 2 |  2.7
Stealth        | 3 |  3.5
Dodging        | 3 4 |  4.0
Short Blades   | 1 2 |  2.4
Fire Magic     | 1 2 |  2.8
Poison Magic   | 1 2 |  2.2
Throwing       | 1 |  1.1
Summonings     | |  1.1

Action                   |  1- 3 |  4- 6 |  7- 9 || total
-------------------------+-------+-------+-------++-------
Melee: Dagger            |    34 |   115 |    17 ||   166
       Spear             |       |    25 |    21 ||    46
       Short sword       |       |     3 |    99 ||   102
Throw: Dart              |       |    12 |    21 ||    33
 Cast: Magic Dart        |    65 |   139 |    83 ||   287
       Mephitic Cloud    |     2 |    13 |    14 ||    29
       Blink             |     2 |     2 |     7 ||    11
       Conjure Flame     |       |     3 |     5 ||     8
       Searing Ray       |       |       |     5 ||     5
  Use: Scroll            |       |       |     4 ||     4
       Potion            |       |       |     1 ||     1
 Stab: Sleeping          |     4 |     9 |     2 ||    15
       Confused          |     1 |     5 |    11 ||    17
  Eat: Chunk             |       |    10 |     5 ||    15
       Ration            |       |       |     2 ||     2
Armor: Robe              |    15 |    30 |    17 ||    62
Dodge: Dodged            |    29 |    83 |    79 ||   191

Table legend:
 A = Non-vault XP
 B = Vault XP
 C = Vault XP percentage of total XP
 D = Non-vault monster count
 E = Vault monster count
 F = Vault count percentage of total count
                 A         B        C        D         E       F
            +---------+---------+-------+---------+---------+-------
      Total |    1936 |     241 |  11.1 |     125 |      35 |  21.9
            +---------+---------+-------+---------+---------+-------
        D:1 |      29 |       4 |  12.1 |      18 |       4 |  18.2
        D:2 |     105 |       0 |   0.0 |      29 |       0 |   0.0
        D:3 |     151 |     178 |  54.1 |      28 |      25 |  47.2
        D:4 |     237 |       0 |   0.0 |      13 |       0 |   0.0
        D:5 |    1158 |      42 |   3.5 |      25 |       1 |   3.8
        D:6 |     240 |      17 |   6.6 |       9 |       5 |  35.7
        D:7 |      16 |       0 |   0.0 |       3 |       0 |   0.0
            +---------+---------+-------+---------+---------+-------
